TOP OF THE 1ST |
Chicago Cubs batting - Pitching for Arizona Diamondbacks : LHP Tim Wybenga
|
Pitching: LHP Tim Wybenga
|
|
Batting: RHB David Casas
|
0-0: Ball 1-0: Ball 2-0: Foul Ball, location: 2F 2-1: Fly out, F7 (Line Drive, 7LM, EV 103.8 MPH)
|
Batting: RHB Josh Kalman
|
0-0: Ball 1-0: Swinging Strike 1-1: Swinging Strike 1-2: Foul Ball, location: 2F 1-2: Ball 2-2: Strikes out swinging
|
Batting: RHB Efrain Vargas
|
0-0: Called Strike 0-1: Ball 1-1: Foul Ball, location: 2F 1-2: Ball 2-2: Ball 3-2: Base on Balls
|
Batting: LHB Kevin Norton
|
0-0: Swinging Strike 0-1: Foul Ball, location: 2F 0-2: Strikes out swinging
|
Top of the 1st over - 0 runs, 0 hits, 0 errors, 1 left on base; Chicago 0 - Arizona 0 |
BOTTOM OF THE 1ST |
Arizona Diamondbacks batting - Pitching for Chicago Cubs : LHP Unkei Wakamatsu
|
Pitching: LHP Unkei Wakamatsu
|
|
Batting: LHB Jason Peck
|
0-0: Called Strike 0-1: Foul Ball, location: 2F 0-2: Ball 1-2: Foul Ball, location: 2F 1-2: Strikes out swinging
|
Batting: SHB Warren Eisner
|
0-0: Called Strike 0-1: Called Strike 0-2: Ground out 6-3 (Groundball, 6, EV 91.2 MPH)
|
Batting: RHB Bob Najar
|
0-0: Called Strike 0-1: SINGLE (Groundball, 6MD, EV 96.9 MPH)
|
Batting: SHB Salvador Aragon
|
0-0: Called Strike 0-1: Called Strike Bob Najar steals 2nd, throwing error, E2 Bob Najar to third 0-2: Ball 1-2: Strikes out looking
|
Bottom of the 1st over - 0 runs, 1 hit, 1 error, 1 left on base; Chicago 0 - Arizona 0 |
TOP OF THE 2ND |
Chicago Cubs batting - Pitching for Arizona Diamondbacks : LHP Tim Wybenga
|
Batting: RHB Steve Bartman Jr.
|
0-0: Fly out, F8 (Flyball, 8RD, EV 101.9 MPH)
|
Batting: RHB Alan Oxenrider
|
0-0: Called Strike 0-1: Foul Ball, location: 2F 0-2: Strikes out swinging
|
Batting: RHB Xavier Davis
|
0-0: Ball 1-0: Ball 2-0: Swinging Strike 2-1: Foul Ball, location: 2F 2-2: Foul Ball, location: 2F 2-2: Strikes out looking
|
Top of the 2nd over - 0 runs, 0 hits, 0 errors, 0 left on base; Chicago 0 - Arizona 0 |
BOTTOM OF THE 2ND |
Arizona Diamondbacks batting - Pitching for Chicago Cubs : LHP Unkei Wakamatsu
|
Batting: LHB Joel Kunkler
|
0-0: Called Strike 0-1: Called Strike 0-2: Ball 1-2: Foul Ball, location: 2F 1-2: Ball 2-2: Strikes out swinging
|
Batting: RHB Dusty Thompson
|
0-0: Called Strike 0-1: Ball 1-1: Ball 2-1: Ball 3-1: Foul Ball, location: 2F 3-2: Strikes out swinging
|
Batting: LHB Mike Mentzer
|
0-0: Ball 1-0: Ball 2-0: Ball 3-0: Called Strike 3-1: Ground out 4-3 (Groundball, 4S, EV 84.4 MPH)
|
Bottom of the 2nd over - 0 runs, 0 hits, 0 errors, 0 left on base; Chicago 0 - Arizona 0 |
TOP OF THE 3RD |
Chicago Cubs batting - Pitching for Arizona Diamondbacks : LHP Tim Wybenga
|
Batting: SHB Moe Lester
|
0-0: Called Strike 0-1: Called Strike 0-2: Ground out 6-3 (Groundball, 6, EV 85.6 MPH)
|
Batting: RHB Kanehisa Kubo
|
0-0: Ball 1-0: Ball 2-0: Foul Ball, location: 2F 2-1: Fly out, F5 (Popup, 5SF, EV 88.8 MPH)
|
Batting: RHB David Casas
|
0-0: Ball 1-0: Ball 2-0: Ball 3-0: Base on Balls
|
Batting: RHB Josh Kalman
|
0-0: Ball 1-0: Called Strike 1-1: Ball 2-1: Foul Ball, location: 2F 2-2: Ball 3-2: Base on Balls David Casas to second
|
Batting: RHB Efrain Vargas
|
0-0: Foul Ball, location: 2F 0-1: Fly out, F8 (Line Drive, 89D, EV 101.9 MPH)
|
Top of the 3rd over - 0 runs, 0 hits, 0 errors, 2 left on base; Chicago 0 - Arizona 0 |
BOTTOM OF THE 3RD |
Arizona Diamondbacks batting - Pitching for Chicago Cubs : LHP Unkei Wakamatsu
|
Batting: LHB Kyle Beaulieu
|
0-0: Ball 1-0: Called Strike 1-1: Foul Ball, location: 2F 1-2: Ground out U3 (Groundball, 34, EV 82.5 MPH)
|
Batting: RHB Marlon Reda
|
0-0: Foul Ball, location: 2F 0-1: Foul Ball, location: 2F 0-2: Foul Ball, location: 2F 0-2: Strikes out swinging, 2-3 out at first.
|
Batting: LHB Jason Peck
|
0-0: Called Strike 0-1: Ball 1-1: Ball 2-1: Called Strike 2-2: Fly out, F9 (Line Drive, 9S, EV 100.0 MPH)
|
Bottom of the 3rd over - 0 runs, 0 hits, 0 errors, 0 left on base; Chicago 0 - Arizona 0 |
TOP OF THE 4TH |
Chicago Cubs batting - Pitching for Arizona Diamondbacks : LHP Tim Wybenga
|
Batting: LHB Kevin Norton
|
0-0: Ball 1-0: Foul Ball, location: 2F 1-1: Ball 2-1: Called Strike 2-2: Strikes out looking
|
Batting: RHB Steve Bartman Jr.
|
0-0: Ball 1-0: Ball 2-0: SINGLE (Groundball, 4MD, EV 95.6 MPH)
|
Batting: RHB Alan Oxenrider
|
0-0: Ball 1-0: Called Strike 1-1: 2-RUN HOME RUN (Flyball, 89XD, EV 96.2 MPH), Distance : 387 ft
|
Batting: RHB Xavier Davis
|
0-0: Called Strike 0-1: SINGLE (Flyball, 4D, EV 83.1 MPH)
|
Batting: SHB Moe Lester
|
0-0: Called Strike Xavier Davis is caught stealing 2nd base 2-4 0-1: Ball 1-1: Ball 2-1: Fly out, F8 (Flyball, 8RD, EV 90.6 MPH)
|
Top of the 4th over - 2 runs, 3 hits, 0 errors, 0 left on base; Chicago 2 - Arizona 0 |
BOTTOM OF THE 4TH |
Arizona Diamondbacks batting - Pitching for Chicago Cubs : LHP Unkei Wakamatsu
|
Batting: SHB Warren Eisner
|
0-0: Foul Ball, location: 2F 0-1: Swinging Strike 0-2: Strikes out swinging
|
Batting: RHB Bob Najar
|
0-0: Called Strike 0-1: Ball 1-1: Ball 2-1: Swinging Strike 2-2: Fly out, F9 (Flyball, 9S, EV 85.6 MPH)
|
Batting: SHB Salvador Aragon
|
0-0: Called Strike 0-1: Called Strike 0-2: Ball 1-2: Fly out, F8 (Flyball, 89M, EV 95.6 MPH)
|
Bottom of the 4th over - 0 runs, 0 hits, 0 errors, 0 left on base; Chicago 2 - Arizona 0 |
TOP OF THE 5TH |
Chicago Cubs batting - Pitching for Arizona Diamondbacks : LHP Tim Wybenga
|
Batting: RHB Kanehisa Kubo
|
0-0: Called Strike 0-1: Swinging Strike 0-2: Ball 1-2: Ball 2-2: Ball 3-2: Foul Ball, location: 2F 3-2: Base on Balls
|
Batting: RHB David Casas
|
0-0: Ball 1-0: Sac Bunt to 2L - play at first, batter OUT! 2-3 Kanehisa Kubo to second
|
Batting: RHB Josh Kalman
|
0-0: SINGLE (Flyball, 78S, EV 88.8 MPH) Kanehisa Kubo to third Runner from 3rd tries for Home, throw by CF and OUT! 8-2 Josh Kalman to second
|
Batting: RHB Efrain Vargas
|
0-0: Ball 1-0: Ball 2-0: Ball 3-0: Called Strike 3-1: Foul Ball, location: 2F 3-2: Ground out 6-3 (Groundball, 56D, EV 96.2 MPH)
|
Top of the 5th over - 0 runs, 1 hit, 0 errors, 1 left on base; Chicago 2 - Arizona 0 |
BOTTOM OF THE 5TH |
Arizona Diamondbacks batting - Pitching for Chicago Cubs : LHP Unkei Wakamatsu
|
Batting: LHB Joel Kunkler
|
0-0: Swinging Strike 0-1: Foul Ball, location: 2F 0-2: Ball 1-2: Foul Ball, location: 2F 1-2: Strikes out looking
|
Batting: RHB Dusty Thompson
|
0-0: SINGLE (Flyball, 34D, EV 97.5 MPH)
|
Batting: LHB Mike Mentzer
|
0-0: Ball 1-0: Ball 2-0: Ball 3-0: Called Strike 3-1: Called Strike 3-2: Foul Ball, location: 2F 3-2: Strikes out swinging
|
Batting: LHB Kyle Beaulieu
|
0-0: Ball 1-0: Ball 2-0: Called Strike 2-1: Fly out, F8 (Flyball, 8RD, EV 102.5 MPH)
|
Bottom of the 5th over - 0 runs, 1 hit, 0 errors, 1 left on base; Chicago 2 - Arizona 0 |
TOP OF THE 6TH |
Chicago Cubs batting - Pitching for Arizona Diamondbacks : LHP Tim Wybenga
|
Batting: LHB Kevin Norton
|
0-0: Foul Ball, location: 2F 0-1: Swinging Strike 0-2: Ball 1-2: Strikes out swinging
|
Batting: RHB Steve Bartman Jr.
|
0-0: Ball 1-0: Called Strike 1-1: Ground out 5-3 (Groundball, 56, EV 104.4 MPH)
|
Batting: RHB Alan Oxenrider
|
0-0: Called Strike 0-1: Ball 1-1: Ball 2-1: Ball 3-1: Swinging Strike 3-2: Foul Ball, location: 2F 3-2: Strikes out swinging
|
Top of the 6th over - 0 runs, 0 hits, 0 errors, 0 left on base; Chicago 2 - Arizona 0 |
BOTTOM OF THE 6TH |
Arizona Diamondbacks batting - Pitching for Chicago Cubs : LHP Unkei Wakamatsu
|
Batting: RHB Marlon Reda
|
0-0: Fly out, F9 (Flyball, 9D, EV 97.5 MPH)
|
Batting: LHB Jason Peck
|
0-0: Called Strike 0-1: Foul Ball, location: 2F 0-2: Strikes out looking
|
Batting: SHB Warren Eisner
|
0-0: Ground out 6-3 (Groundball, 6, EV 98.8 MPH)
|
Bottom of the 6th over - 0 runs, 0 hits, 0 errors, 0 left on base; Chicago 2 - Arizona 0 |
TOP OF THE 7TH |
Chicago Cubs batting - Pitching for Arizona Diamondbacks : LHP Tim Wybenga
|
Batting: RHB Xavier Davis
|
0-0: Called Strike 0-1: Ball 1-1: Called Strike 1-2: Foul Ball, location: 2F 1-2: Ball 2-2: Fly out, F8 (Flyball, 8LM, EV 76.2 MPH)
|
Pitching: RHP Gerardo Camacho
|
|
Batting: SHB Moe Lester
|
0-0: Called Strike 0-1: Ball 1-1: Ground out 4-3 (Groundball, 4, EV 85.6 MPH)
|
Batting: RHB Kanehisa Kubo
|
0-0: Fly out, F7 (Line Drive, 78D, EV 93.1 MPH)
|
Top of the 7th over - 0 runs, 0 hits, 0 errors, 0 left on base; Chicago 2 - Arizona 0 |
BOTTOM OF THE 7TH |
Arizona Diamondbacks batting - Pitching for Chicago Cubs : LHP Unkei Wakamatsu
|
Batting: RHB Bob Najar
|
0-0: Ball 1-0: Called Strike 1-1: Ball 2-1: Called Strike 2-2: Ball 3-2: Base on Balls
|
Batting: SHB Salvador Aragon
|
0-0: Ball 1-0: Called Strike 1-1: Foul Ball, location: 2F 1-2: Strikes out looking
|
Batting: LHB Joel Kunkler
|
0-0: Called Strike Bob Najar steals 2nd base (no throw) 0-1: Swinging Strike 0-2: Strikes out swinging
|
Batting: RHB Dusty Thompson
|
0-0: SINGLE (Groundball, 6MD, EV 86.9 MPH) (infield hit) Bob Najar to third
|
Pinch Hitting: RHB Andy Swaim
|
0-0: Foul Ball, location: 2F 0-1: Ball 1-1: Ball 2-1: Ball 3-1: Foul Ball, location: 2F 3-2: Foul Ball, location: 2F 3-2: Strikes out swinging
|
Bottom of the 7th over - 0 runs, 1 hit, 0 errors, 2 left on base; Chicago 2 - Arizona 0 |
TOP OF THE 8TH |
Chicago Cubs batting - Pitching for Arizona Diamondbacks : RHP Gerardo Camacho
|
Now in LF: Roy Steigerwald
|
|
Now in CF: Bob Najar
|
|
Batting: RHB David Casas
|
0-0: Ball 1-0: Called Strike 1-1: Ball 2-1: Swinging Strike 2-2: Strikes out swinging
|
Batting: RHB Josh Kalman
|
0-0: Called Strike 0-1: Ball 1-1: SINGLE (Groundball, 56S, EV 67.5 MPH) (infield hit)
|
Batting: RHB Efrain Vargas
|
0-0: Called Strike 0-1: Ball 1-1: Ball 2-1: Grounds into double play, 5-4-3 (Groundball, 25, EV 88.8 MPH)
|
Top of the 8th over - 0 runs, 1 hit, 0 errors, 0 left on base; Chicago 2 - Arizona 0 |
BOTTOM OF THE 8TH |
Arizona Diamondbacks batting - Pitching for Chicago Cubs : LHP Unkei Wakamatsu
|
Batting: LHB Kyle Beaulieu
|
0-0: Ball 1-0: Foul Ball, location: 2F 1-1: Swinging Strike 1-2: DOUBLE (Line Drive, 5D, EV 104.4 MPH)
|
Batting: RHB Marlon Reda
|
0-0: Called Strike 0-1: Ball 1-1: Foul Ball, location: 2F 1-2: Ball 2-2: Strikes out swinging
|
Pinch Hitting: RHB Katilimomi Kelekolio
|
0-0: Called Strike 0-1: Ball 1-1: Ball 2-1: DOUBLE (Line Drive, 78M, EV 93.1 MPH) Kyle Beaulieu scores
|
Batting: SHB Warren Eisner
|
0-0: Ball 1-0: Ball 2-0: Called Strike 2-1: Foul Ball, location: 2F 2-2: Foul Ball, location: 2F 2-2: Ground out 3-1 (Groundball, 34, EV 92.5 MPH) Katilimomi Kelekolio to third
|
Batting: RHB Bob Najar
|
0-0: Called Strike 0-1: Ball 1-1: Ground out 6-3 (Groundball, 6, EV 100.0 MPH)
|
Bottom of the 8th over - 1 run, 2 hits, 0 errors, 1 left on base; Chicago 2 - Arizona 1 |
TOP OF THE 9TH |
Chicago Cubs batting - Pitching for Arizona Diamondbacks : RHP Gerardo Camacho
|
Pitching: LHP Mario Valdivia
|
|
Now at 2B: Katilimomi Kelekolio
|
|
Now at SS: Kyle Beaulieu
|
|
Batting: LHB Kevin Norton
|
0-0: Ball 1-0: Called Strike 1-1: Ball 2-1: Foul Ball, location: 2F 2-2: Foul Ball, location: 2F 2-2: Ground out U3 (Groundball, 3, EV 86.9 MPH)
|
Batting: RHB Steve Bartman Jr.
|
0-0: Ground out 5-3 (Groundball, 56, EV 107.5 MPH)
|
Batting: RHB Alan Oxenrider
|
0-0: Ball 1-0: Foul Ball, location: 2F 1-1: Ball 2-1: Fly out, F6 (Popup, 6M, EV 72.5 MPH)
|
Top of the 9th over - 0 runs, 0 hits, 0 errors, 0 left on base; Chicago 2 - Arizona 1 |
BOTTOM OF THE 9TH |
Arizona Diamondbacks batting - Pitching for Chicago Cubs : LHP Unkei Wakamatsu
|
Pitching: LHP George Poirier
|
|
Now at 3B: Adam Kelliher
|
|
Now in RF: Barend van der Kamp
|
|
Batting: SHB Salvador Aragon
|
0-0: Foul Ball, location: 2F 0-1: Swinging Strike 0-2: SOLO HOME RUN (Line Drive, 9D, EV 100.6 MPH), Distance : 368 ft
|
Batting: LHB Joel Kunkler
|
0-0: Called Strike 0-1: SINGLE (Groundball, 5, EV 89.4 MPH) (infield hit)
|
Batting: RHB Dusty Thompson
|
0-0: Ball 1-0: Called Strike 1-1: Ball 2-1: Swinging Strike 2-2: Strikes out swinging
|
Batting: LHB Roy Steigerwald
|
0-0: Ball 1-0: Foul Ball, location: 2F 1-1: Swinging Strike 1-2: Ball 2-2: Strikes out swinging
|
Batting: LHB Kyle Beaulieu
|
0-0: Foul Ball, location: 2F 0-1: Fly out, F9 (Line Drive, 9, EV 102.5 MPH)
|
Bottom of the 9th over - 1 run, 2 hits, 0 errors, 1 left on base; Chicago 2 - Arizona 2 |
TOP OF THE 10TH |
Chicago Cubs batting - Pitching for Arizona Diamondbacks : LHP Mario Valdivia
|
Batting: RHB Xavier Davis
|
0-0: Foul Ball, location: 2F 0-1: Ball 1-1: Ball 2-1: Ball 3-1: Base on Balls
|
Batting: SHB Moe Lester
|
0-0: Sac Bunt to 15S - play at first, batter OUT! 1-3 Xavier Davis to second
|
Batting: RHB Kanehisa Kubo
|
0-0: Ball 1-0: Ball 2-0: Called Strike 2-1: Ball 3-1: Foul Ball, location: 2F 3-2: Strikes out swinging
|
Batting: RHB David Casas
|
0-0: Intentional Walk
|
Pinch Hitting: RHB Jose Balderrama
|
0-0: Ball 1-0: Called Strike 1-1: SINGLE (Groundball, 56D, EV 95.0 MPH) Xavier Davis to third David Casas to second Runner from 3rd tries for Home, SAFE, throw by LF to home
|
Batting: RHB Efrain Vargas
|
0-0: Called Strike 0-1: Swinging Strike 0-2: Ball 1-2: Ball 2-2: Ball 3-2: Strikes out swinging
|
Top of the 10th over - 1 run, 1 hit, 0 errors, 2 left on base; Chicago 3 - Arizona 2 |
BOTTOM OF THE 10TH |
Arizona Diamondbacks batting - Pitching for Chicago Cubs : LHP George Poirier
|
Now in LF: Heef Harted
|
|
Now in RF: Moe Lester
|
|
Batting: RHB Marlon Reda
|
0-0: Called Strike 0-1: Called Strike 0-2: Ball 1-2: Strikes out looking
|
Batting: RHB Katilimomi Kelekolio
|
0-0: Ground out 4-3 (Groundball, 4, EV 102.5 MPH)
|
Batting: SHB Warren Eisner
|
0-0: Called Strike 0-1: Fly out, F8 (Line Drive, 8LM, EV 92.5 MPH)
|
Bottom of the 10th over - 0 runs, 0 hits, 0 errors, 0 left on base; Chicago 3 - Arizona 2 |
|